 Dungeon Crawl Stone Soup version 0.30.0-13-g156ef70053 (webtiles) character file.

Game seed: 17244119162609476445

1005 jasper the Chopper (level 8, -2/69 HPs)
             Began as a Meteoran Cinder Acolyte on May 17, 2023.
             Was a High Priest of Ignis.
             Slain by an iguana (6 damage)
             ... on level 6 of the Dungeon.
             The game lasted 00:03:54 (1077 turns).

jasper the Chopper (Meteoran Cinder Acolyte)        Turns: 1077, Time: 00:03:54

Health: -2/69      AC: 12    Str: 23    XL:     8   Next: 72%
Magic:  11/11      EV: 10    Int: 15    God:    Ignis [*****.]
Gold:   46         SH:  0    Dex: 11    Spells: 9/9 levels left

rFire   + . .        m - +0 war axe
rCold   . . .        (no shield)
rNeg    . . .        p - +0 chain mail
rPois   .            d - +2 helmet
rElec   .            (no cloak)
rCorr   .            (no gloves)
SInv    .            (no boots)
Will    +....        (no amulet) Stlth
                     j - +6 ring of strength
HPRegen 0.31/turn    (no ring)
MPRegen 0.12/turn

%: no passive effects
@: glowing
A: sense surroundings 1, otherworldly, glowing, explore regen
a: Renounce Religion, Fiery Armour, Foxfire Swarm, Rising Flame


You were on level 6 of the Dungeon.
You worshipped Ignis.
Ignis was extremely pleased with you.
You visited 1 branch of the dungeon, and saw 6 of its levels.

You collected 144 gold pieces.
You spent 98 gold pieces at shops.

Inventory:

Hand Weapons
 a - a -1 hand axe of flaming
 m - a +0 war axe (weapon)
Armour
 b - a +0 robe
 d - a +2 helmet (worn)
 p - a +0 chain mail (worn)
Jewellery
 j - a +6 ring of strength (left hand)
 o - a ring of protection from cold
 u - a ring of magical power
Wands
 q - a wand of flame (16)
Scrolls
 c - 4 scrolls of identify
 e - 2 scrolls of noise
 f - a scroll of teleportation
 h - a scroll of silence
 i - a scroll of amnesia
 t - 2 scrolls of fog
Potions
 g - a potion of magic {unknown}
 l - 2 potions of curing
 r - a potion of attraction
 s - a potion of degeneration


   Skills:
 + Level 5.5 Fighting
 * Level 7.9 Axes
 + Level 4.6 Armour
 + Level 4.6 Dodging
 - Level 1.3 Spellcasting
 - Level 3.6 Fire Magic


You had 9 spell levels left.
You didn't know any spells.
Your spell library contained the following spells:

 Spells                   Type           Power      Damage    Failure   Level
 Scorch                   Fire           22%        2d6       43%         2
 Slow                     Hex            4%         N/A       80%         1
 Confusing Touch          Hex            1%         N/A       99%         3
 Vampiric Draining        Necr           1%         2d6       99%         3
 Animate Armour           Summ/Erth      2%         N/A       100%        4
 Blade Hands              Tmut           0%         N/A       100%        5
 Iron Shot                Conj/Erth      0%         9d1       100%        6


Dungeon Overview and Level Annotations

Branches:
Dungeon (6/15) Zot: 2501   Temple (0/1) D:5

Altars:
Qazlal
Ru
Trog
Wu Jian

Shops:
D:3 *   D:5 ?!


Innate Abilities, Weirdness & Mutations

You passively map a small area around you.
You are easily found by Zot.
You glow in the dark.
You regain HP and MP as you explore.


Message History

The iguana bites you but does no damage.
Menkaure hits you!
You take 8 damage, and have 44/69 hp.
You slash Menkaure!
Menkaure is moderately damaged.
You barely miss the iguana.
The iguana bites you but does no damage.
Menkaure casts a spell.
Menkaure seems to speed up.
You barely miss Menkaure.
Menkaure is moderately damaged.
You hit the iguana but do no damage.
The iguana bites you but does no damage.
Menkaure hits you!
You take 16 damage, and have 28/69 hp.
MASSIVE DAMAGE!!
You slash Menkaure!
Menkaure is almost destroyed.
You barely miss the iguana.
The iguana bites you but does no damage.
Menkaure hits you!
* * * LOW HITPOINT WARNING * * *
You take 16 damage, and have 12/69 hp.
MASSIVE DAMAGE!!
You slash Menkaure!
You destroy Menkaure!
You hit the iguana. The iguana bites you.
* * * LOW HITPOINT WARNING * * *
The iguana barely misses you.
You take 3 damage, and have 9/69 hp.
You closely miss the iguana.
The iguana is almost dead.
The iguana bites you but does no damage.
You closely miss the iguana.
The iguana is almost dead.
The iguana bites you.
* * * LOW HITPOINT WARNING * * *
You take 6 damage, and have 4/69 hp.
You hit the iguana but do no damage.
The iguana is almost dead.
The iguana bites you.
You die...

#...##.#....#.#<............#
#...## #..#.#.#.......#######
#...##.##.#...#....[..#
#...##...........######
#...#####.######.#
####.......# #.# # #.#######
#.# # #.# ####'###### , # #.#
#..@l....... # #.#
#........... # #.#
#........... # #.#
#......!.... , # #.#
#........... ####.#
############ '....# ###..# ,,
# #..# ,


You could see an iguana.

Vanquished Creatures
  Grinder (D:3)
  Sigmund (D:2)
  Menkaure (D:6)
  An ice beast (D:4)
  2 scorpions
  A hound (D:5)
  A jelly (D:6)
  An orc priest (D:5)
  3 iguanas
  An orc wizard (D:5)
  3 gnolls (D:6)
  5 adders
  A shadow imp (D:6)
  An ufetubus (D:6)
  A worm (D:3)
  3 dart slugs
  4 orcs
  2 endoplasms
  2 giant cockroaches (D:4)
  A goblin (D:4)
  3 hobgoblins
  2 quokkas
  3 ball pythons
  3 bats
  2 frilled lizards (D:2)
  A kobold (D:2)
  2 rats
52 creatures vanquished.

Notes
Turn   | Place    | Note
-------+----------+-------------------------------------------
     0 | D:1      | jasper the Meteoran Cinder Acolyte began the quest for the
                  | Orb.
     0 | D:1      | Reached XP level 1. HP: 19/19 MP: 3/3
    95 | D:2      | Reached XP level 2. HP: 16/26 MP: 5/5
    97 | D:2      | Noticed Sigmund
   112 | D:2      | Killed Sigmund
   113 | D:2      | Reached skill level 5 in Axes
   113 | D:2      | Reached XP level 3. HP: 15/33 MP: 6/6
   113 | D:2      | Reached XP level 4. HP: 19/40 MP: 7/7
   113 | D:2      | Reached XP level 5. HP: 22/46 MP: 8/8
   115 | D:2      | Reached XP level 6. HP: 25/52 MP: 9/9
   305 | D:3      | Found Hyas's General Store.
   329 | D:3      | Noticed Grinder
   349 | D:3      | Killed Grinder
   350 | D:3      | Reached skill level 6 in Axes
   350 | D:3      | Reached XP level 7. HP: 37/60 MP: 10/10
   410 | D:4      | Found a bloodstained altar of Trog.
   412 | D:4      | Found an ornate altar of the Wu Jian Council.
   420 | D:4      | Found a stormy altar of Qazlal.
   679 | D:4      | Reached skill level 5 in Fighting
   679 | D:4      | Reached skill level 7 in Axes
   679 | D:4      | Reached XP level 8. HP: 52/68 MP: 11/11
   683 | D:5      | Entered Level 5 of the Dungeon
   687 | D:5      | Found a staircase to the Ecumenical Temple.
   690 | D:5      | Found Koineh Ryir's Magic Scroll Boutique.
   698 | D:5      | Bought a scroll of fog for 56 gold pieces
   803 | D:5      | Found a sacrificial altar of Ru.
   880 | D:5      | Found Pitwuok's Distillery.
   898 | D:5      | Bought a potion of curing for 42 gold pieces
  1063 | D:6      | Noticed Menkaure
  1074 | D:6      | Killed Menkaure
  1077 | D:6      | Slain by an iguana

Illustrated notes

Levels and vault maps discovered:
D:1:      minmay_arrival_up_and_down, layout_loops_cross, serial_shops,
          nicolae_lakefront_shop
D:2:      layout_basic, basic_altar, uniq_sigmund, uniq_natasha
D:3:      layout_rooms, nicolae_overflow_hidden_temple, serial_shops, shop,
          uniq_grinder
D:4:      layout_basic, minitemple
D:5:      layout_gridville, mainiacjoe_overflow_alcove_2,
          minmay_temple_entry_waves, serial_shops, shop, shop,
          nicolae_wooded_promenade
D:6:      layout_basic, uniq_blork_the_orc, uniq_menkaure

Skill      XL: |  1  2  3  4  5  6  7  8 |
---------------+-------------------------+-----
Fighting       | 4 5 |  5.5
Axes           | 5 6 7 |  7.9
Armour         | 2 3 4 |  4.6
Dodging        | 2 3 4 |  4.6
Spellcasting   | |  1.3
Fire Magic     | |  3.6

Action                     |  1- 3 |  4- 6 |  7- 9 || total
---------------------------+-------+-------+-------++-------
  Melee: Hand axe          |    26 |    16 |       ||    42
         War axe           |       |     7 |   108 ||   115
 Invoke: Fiery Armour      |     1 |     1 |       ||     2
    Use: Scroll            |       |       |     9 ||     9
 Armour: Robe              |     9 |    11 |     9 ||    29
         Chain mail        |       |       |    68 ||    68
  Dodge: Dodged            |    20 |     5 |    62 ||    87
